 Dungeon Crawl Stone Soup version 0.29-a0-398-ge13fd1374b (webtiles) character file.

Game seed: 5976432290524119467

112200 zishaf the Hand of Fortune (level 17, -4/140 HPs)
             Began as a Human Wanderer on May 12, 2022.
             Was the Champion of Nemelex Xobeh.
             Killed from afar by a will-o-the-wisp (12 damage)
             ... with a foxfire
             ... on level 2 of the Abyss.
             The game lasted 01:05:06 (24096 turns).

zishaf the Hand of Fortune (Human Wanderer)        Turns: 24096, Time: 01:05:06

Health: -4/140     AC: 28    Str: 28    XL:     17   Next: 14%
Magic:  29/29      EV:  9    Int: 23    God:    Nemelex Xobeh [******]
Gold:   1744       SH: 11    Dex: 17    Spells: 17/18 levels left

rFire   . . .      SeeInvis +   n - +3 broad axe (elec)
rCold   + . .      Faith    .   J - +0 kite shield of Untold Secrets {Contam rPois Int+7 Dex+4}
rNeg    . . .      Spirit   .   h - +2 crystal plate armour
rPois   +          Reflect  .   j - +2 hat
rElec   .          Harm     .   i - +1 cloak of the Cobbler {Contam Int+2 Stlth+}
rCorr   .          Rampage  .   y - +0 pair of gloves
Will    +....                   (no boots)
Stlth   ..........              d - amulet of Descent {rC+ Regen+ Int+3}
HPRegen 1.13/turn               Q - +6 ring of strength
MPRegen 0.21/turn               w - +4 ring of evasion

@: no status effects
A: hooves 1, see invisible
a: Renounce Religion, Draw Escape, Draw Destruction, Draw Summoning, Draw Stack,
Triple Draw, Deal Four, Stack Five


You were on level 2 of the Abyss.
You worshipped Nemelex Xobeh.
Nemelex Xobeh was exalted by your worship.
You visited 4 branches of the dungeon, and saw 23 of its levels.
You visited the Abyss 1 time.
You also visited: Volcano.

You collected 3194 gold pieces.
You spent 1450 gold pieces at shops.

Inventory:

Hand Weapons
 n - a +3 broad axe of electrocution (weapon)
 L - a +3 broad axe of flaming
Missiles
 g - 42 poisoned darts
 l - a throwing net
 G - a curare-tipped dart
Armour
 h - a +2 crystal plate armour (worn)
 i - the +1 cloak of the Cobbler (worn) {Contam Int+2 Stlth+}
   (You bought it in a shop on level 2 of the Orcish Mines)

   Int:       It affects your intelligence (+2).
   Contam:    It causes magical contamination when unequipped.
   Stlth:     It makes you more stealthy.
 j - a +2 hat (worn)
 x - a +0 cloak
 y - a +0 pair of gloves (worn)
 E - a +4 scale mail of fire resistance
 J - the +0 kite shield of Untold Secrets (worn) {Contam rPois Int+7 Dex+4}
   (You found it on level 11 of the Dungeon)

   Int:       It affects your intelligence (+7).
   Dex:       It affects your dexterity (+4).
   rPois:     It protects you from poison.
   Contam:    It causes magical contamination when unequipped.
Jewellery
 d - the amulet of Descent (around neck) {rC+ Regen+ Int+3}
   (You bought it in a shop on level 5 of the Dungeon)

   [amulet of regeneration]

   Int:       It affects your intelligence (+3).
   rC:        It protects you from cold.
   Regen:     It increases your rate of health regeneration.
 s - a ring of resist corrosion
 w - a +4 ring of evasion (right hand)
 Q - a +6 ring of strength (left hand)
 R - a ring of ice
 T - a ring of protection from cold
Wands
 q - a wand of flame (12) (quivered)
 r - a wand of acid (4)
 B - a wand of charming (11)
 M - a wand of iceblast (10)
 O - a wand of polymorph (9)
 S - a wand of mindburst (7)
 U - a wand of digging (7)
Scrolls
 b - 13 scrolls of teleportation
 m - 3 scrolls of fog
 o - 2 scrolls of magic mapping
 t - 2 scrolls of blinking
 u - 2 scrolls of identify
Potions
 a - a potion of haste
 c - 3 potions of heal wounds
 e - 13 potions of curing
 f - 3 potions of magic
 k - a potion of brilliance
 p - a potion of invisibility
 H - 6 potions of lignification
 K - 2 potions of flight
 N - a potion of mutation
 X - 2 potions of might
 Z - a potion of ambrosia


   Skills:
 + Level 14.4 Fighting
 + Level 13.0(13.3) Axes
 - Level 4.2(9.4) Maces & Flails
 + Level 10.2 Armour
 - Level 1.0 Dodging
 - Level 9.0 Shields
 - Level 1.0 Spellcasting
 - Level 3.0 Summonings
 * Level 16.8 Invocations
 - Level 4.0 Evocations


You had 17 spell levels left.
You knew the following spells:

 Your Spells              Type           Power      Damage    Failure   Level
a - Summon Small Mammal   Summ           56%        N/A       96%         1

Your spell library contained the following spells:

 Spells                   Type           Power      Damage    Failure   Level
 Call Imp                 Summ           14%        N/A       99%         2
 Animate Skeleton         Necr           2%         N/A       100%        1
 Apportation              Tloc           2%         N/A       100%        1
 Magic Dart               Conj           4%         1d3       100%        1
 Pain                     Necr           4%         1d4       100%        1
 Sandblast                Erth           2%         2d4       100%        1
 Shock                    Conj/Air       4%         1d3       100%        1
 Ensorcelled Hibernation  Hex/Ice        2%         N/A       100%        2
 Passwall                 Tmut/Erth      0%         N/A       100%        2
 Static Discharge         Conj/Air       1%         N/A       100%        2
 Call Canine Familiar     Summ           14%        N/A       100%        3
 Gell's Gravitas          Tloc           1%         N/A       100%        3
 Ignite Poison            Fire/Tmut/Pois 1%         N/A       100%        3
 Lesser Beckoning         Tloc           1%         N/A       100%        3
 Mephitic Cloud           Conj/Pois/Air  1%         N/A       100%        3
 Stone Arrow              Conj/Erth      2%         3d7       100%        3
 Summon Guardian Golem    Hex/Summ       8%         N/A       100%        3
 Swiftness                Air            1%         N/A       100%        3
 Teleport Other           Tloc           1%         N/A       100%        3
 Tukima's Dance           Hex            1%         N/A       100%        3
 Vampiric Draining        Necr           1%         2d6       100%        3
 Airstrike                Air            0%         N/A       100%        4
 Animate Armour           Summ/Erth      16%        N/A       100%        4
 Passage of Golubria      Tloc           1%         N/A       100%        4
 Petrify                  Tmut/Erth      1%         N/A       100%        4
 Alistair's Intoxication  Tmut/Pois      0%         N/A       100%        5
 Blade Hands              Tmut           0%         N/A       100%        5
 Freezing Cloud           Conj/Ice/Air   0%         6-21      100%        5
 Lightning Bolt           Conj/Air       0%         1d11      100%        5
 Metabolic Englaciation   Hex/Ice        0%         N/A       100%        5
 Yara's Violent Unravell  Hex/Tmut       0%         3d3       100%        5
 Conjure Ball Lightning   Conj/Air       0%         3x3d6     100%        6
 Dispersal                Tloc           0%         N/A       100%        6
 Iron Shot                Conj/Erth      0%         9d1       100%        6
 Statue Form              Tmut/Erth      0%         N/A       100%        6
 Orb of Destruction       Conj           0%         9d5       100%        7
 Spellforged Servitor     Conj/Summ      4%         N/A       100%        7
 Maxwell's Capacitive Co  Air            0%         ∞         100%        8


Dungeon Overview and Level Annotations

Branches:
Dungeon (14/15) Temple (1/1) D:5 Lair (6/6) D:9 Swamp (0/4) Lair:2 Snake (0/4) Lair:3 Slime (0/5) Lair:6 Orc (2/2) D:10 Elf (0/3) Orc:2 Vaults (0/5) D:13 D:14 Volcano (visited)

Altars:
Ashenzari
Cheibriados
Dithmenos
Elyvilon
Fedhas
Gozag
Hepliaklqana
Kikubaaqudgha
Makhleb
Nemelex Xobeh
Okawaru
Qazlal
Ru
Sif Muna
Trog
Uskayaw
Vehumet
Wu Jian
Xom
Yredelemnul
Zin
The Shining One
Beogh
Lugonu

Shops:
D:5 =:?:=(   D:6 [   D:7 *   Orc:2 *([(?

Portals:
Abyss: Lair:4

Annotations:
D:7 exclusion: upstairs
D:10 1 runed translucent door dig scroll, qwertyui's ghost, novice MiFi
Lair:2 3 runed translucent doors, Focucera's ghost, journeyman DsWz; Reubyar's ghost, journeyman MiBe; Xerghaum's ghost, journeyman GnFi


Innate Abilities, Weirdness & Mutations

You have large cloven feet.
You have supernaturally acute eyesight. (SInv)


Message History

The starcursed mass is severely damaged.
A starcursed mass splits.
You hit the starcursed mass but do no damage.
You kick the starcursed mass, but do no damage.
The starcursed mass is severely damaged.
The starcursed mass touches you!
You slash the starcursed mass!
You destroy the starcursed mass!
That felt strangely unrewarding.
You hit the starcursed mass. The starcursed mass touches you!
A will-o-the-wisp comes into view.
The will-o-the-wisp gives a chilling moan.
The starcursed mass shrieks in your mind.
* * * LOW HITPOINT WARNING * * *
There is an open door here.
The will-o-the-wisp gestures.
The will-o-the-wisp conjures some foxfire!
The starcursed mass touches you but does no damage. 2 foxfires come into view.
You hit the starcursed mass but do no damage.
You kick the starcursed mass.
The starcursed mass is severely damaged.
The will-o-the-wisp gestures.
The will-o-the-wisp conjures some foxfire!
A starcursed mass splits. 2 foxfires come into view.
You hit the starcursed mass. You kick the starcursed mass.
You destroy the starcursed mass!
That felt strangely unrewarding.
You hit the starcursed mass.
Lightning courses through the starcursed mass!
You destroy the starcursed mass!
That felt strangely unrewarding.
The foxfire hits you!
* * * LOW HITPOINT WARNING * * *
You close the door.
The foxfire hits you!!
* * * LOW HITPOINT WARNING * * *
You closely miss the foxfire. You kick the foxfire.
The foxfire is lightly damaged.
The foxfire hits you!
You die...
Your body glows with a rainbow of weird colours and disappears.

. . .. ##.. ...
≈≈≈. .... ≈.#
..... ###≈≈.#.#
......##v'.v.§.#
.......@+#####
.....###.....#
... ######.## ..
. # . . .# . # .
.... #.#. . . .
.... #'# .#. ..
.. . ...# .# #
... . .. ## # .
...#. .


You could see a will-o-the-wisp.

Vanquished Creatures
  Nessos (D:13)
  A fire dragon (Lair:6)
  A great orb of eyes (D:14)
  5 hydras
  2 boulder beetles
  4 centaur warriors
  3 catoblepae
  5 death yaks
  3 two-headed ogres
  A thrashing horror (Abyss:2)
  Nergalle (Lair:1)
  3 skeletal warriors (D:13)
  A lindwurm (Lair:6)
  A wizard (D:14)
  3 orc knights
  2 manticores
  2 deep elf pyromancers
  2 orc sorcerers
  An ugly thing (D:8)
  8 cyclopes
  2 molten gargoyles (Lair:6)
  3 black mambas
  2 centaur zombies (D:11)
  10 elephants (Lair:6)
  A gargoyle (D:12)
  Joseph (D:7)
  5 cane toads
  5 yaktaurs
  A tormentor (Abyss:2)
  An unseen horror (D:10)
  3 rime drakes
  A freezing wraith (D:14)
  16 komodo dragons
  An efreet (Abyss:2)
  3 kobold demonologists
  2 wandering mushrooms (Lair:6)
  2 meliai (D:13)
  8 trolls
  A snapping turtle (Volcano)
  A hornet (D:4)
  A queen bee (shapeshifter) (D:14)
  A polar bear (Lair:5)
  9 slime creatures
  12 blink frogs
  10 dream sheep
  A small abomination (Abyss:2)
  A meliai zombie (D:11)
  A shadow (D:8)
  2 vampires
  8 wyverns
  2 wraiths
  11 humans
  20 yaks
  10 basilisks
  A chaos spawn (Abyss:2)
  A neqoxec (Abyss:2)
  7 vampire mosquitoes
  2 steam dragons
  A warg (Orc:2)
  2 nagas (Lair:3)
  3 acid dragons
  16 water moccasins
  5 hell hounds
  An ice beast (D:7)
  26 orc warriors
  2 sky beasts
  6 black bears
  4 starcursed masses (Abyss:2)
  2 ogres (Orc:1)
  11 centaurs
  2 phantoms
  5 kobold brigands
  13 bullfrogs
  3 gnoll sergeants
  6 earth elementals (D:12)
  8 necrophages
  2 scorpions
  13 wights
  4 killer bees (D:9)
  6 electric eels
  3 howler monkeys
  3 lava snakes (Lair:6)
  3 hounds (D:6)
  Crazy Yiuf (D:6)
  3 gnoll shamans
  20 orc priests
  10 iguanas
  23 orc wizards
  A mummy (D:11)
  23 gnolls
  11 adders
  2 shadow imps
  2 white imps
  3 dart slugs
  81 orcs
  4 ball pythons
  9 endoplasms
  2 giant cockroaches
  7 goblins
  9 hobgoblins
  4 jackals
  2 quokkas
  5 bats
  A frilled lizard (D:1)
  25 kobolds
  7 rats
  A lurking horror (Abyss:2)
625 creatures vanquished.

Vanquished Creatures (collateral kills)
  Jorgrun (D:12)
  Gastronok (Lair:1)
  An orc warlord (Orc:2)
  A hydra (Lair:1)
  2 two-headed ogres
  6 death yaks
  A skeletal warrior (D:13)
  An orc knight (Orc:2)
  An orc sorcerer (Orc:2)
  An oklob plant (Lair:6)
  A black mamba (Lair:6)
  A meliai (D:13)
  3 blink frogs (Lair:6)
  A basilisk (Lair:1)
  5 humans (D:14)
  A water moccasin (Lair:6)
  3 orc warriors (Orc:2)
  A bullfrog (Lair:1)
  2 lava snakes (Lair:6)
  An orc priest (Orc:2)
  4 orc wizards (Orc:2)
  6 orcs (Orc:2)
  A plant (Lair:6)
46 creatures vanquished.

Vanquished Creatures (others)
  Urug (D:14)
  An orc knight (Orc:2)
  2 orc wizards
  2 orcs (D:9)
  5 blocks of ice (Lair:6)
  2 foxfires (Abyss:2)
  31 fungi
  A lurking horror (Lair:4)
  41 plants
  4 starspawn tentacles (Abyss:2)
  5 withered plants
95 creatures vanquished.

Grand Total: 766 creatures vanquished

Notes
Turn   | Place    | Note
-------+----------+-------------------------------------------
     0 | D:1      | zishaf the Human Wanderer began the quest for the Orb.
     0 | D:1      | zishaf set off with the following items: a +0 club, a
                  | potion of lignification, a scroll of blinking, a +2 scale
                  | mail; and the following spell memorised: Summon Small
                  | Mammal; and the following spells available to memorise:
                  | Call Canine Familiar
     0 | D:1      | Reached XP level 1. HP: 13/13 MP: 2/2
    55 | D:1      | Found a faded altar of an unknown god.
    69 | D:1      | Reached skill level 1 in Fighting
   256 | D:1      | Reached XP level 2. HP: 5/21 MP: 3/3
   942 | D:1      | You fall into a shaft and drop 1 floor!
   946 | D:2      | Reached XP level 3. HP: 24/27 MP: 4/4
  1177 | D:2      | Reached skill level 1 in Axes
  1409 | D:2      | Reached XP level 4. HP: 34/34 MP: 5/5
  2461 | D:3      | Reached XP level 5. HP: 41/41 MP: 6/6
  2707 | D:4      | Noticed a black bear
  2720 | D:4      | Killed a black bear
  2721 | D:4      | Reached skill level 1 in Shields
  2721 | D:4      | Reached XP level 6. HP: 40/48 MP: 7/7
  2868 | D:4      | Noticed a hornet
  2885 | D:5      | Entered Level 5 of the Dungeon
  3004 | D:4      | Killed a hornet
  3005 | D:4      | Reached skill level 5 in Fighting
  3005 | D:4      | Reached XP level 7. HP: 20/56 MP: 8/8
  3221 | D:3      | Reached XP level 8. HP: 25/63 MP: 9/9
  3433 | D:4      | Identified the +1 ring mail "Viroenad" {Rampage rN++ Str-3
                  | Slay-2 Stlth+}
  3685 | D:5      | Noticed a vampire
  3709 | D:5      | Found a staircase to the Ecumenical Temple.
  3709 | D:5      | Found Fuisi's Weapon Emporium.
  3761 | D:5      | Found Puheorur's Magic Scroll Boutique.
  3780 | D:5      | Found Bunuvy's Jewellery Shoppe.
  3807 | D:5      | Reached skill level 5 in Shields
  3863 | Temple   | Entered the Ecumenical Temple
  4326 | D:5      | Bought a scroll of magic mapping for 42 gold pieces
  4326 | D:5      | Bought a scroll of blinking for 90 gold pieces
  4404 | D:5      | Found Voohunat's Book Shop.
  4533 | D:5      | Found Vasoeguy's Book Boutique.
  4645 | D:6      | Noticed a wyvern
  4797 | D:6      | Killed a wyvern
  4863 | D:6      | Reached XP level 9. HP: 72/72 MP: 10/10
  5204 | D:6      | Found Agenetwy's Armour Shop.
  6005 | D:6      | Found a runed translucent door.
  6006 | D:6      | Noticed Crazy Yiuf
  6297 | D:7      | Noticed Joseph
  6348 | D:7      | Killed Joseph
  6500 | D:7      | Reached skill level 5 in Axes
  6542 | D:7      | HP: 3/75 [orc warrior/+0 flail (9)]
  6880 | D:7      | Reached XP level 10. HP: 75/83 MP: 11/11
  6956 | D:7      | Reached skill level 1 in Evocations
  7082 | D:7      | Found Zotour's Assorted Antiques.
  7139 | D:7      | Found a sparkling altar of Nemelex Xobeh.
  7147 | D:7      | Became a worshipper of Nemelex Xobeh the Trickster
  7287 | D:7      | Reached skill level 1 in Invocations
  7312 | D:8      | Noticed a brown ugly thing
  7648 | D:8      | Killed a brown ugly thing
  7649 | D:8      | Reached skill level 2 in Invocations
  7683 | D:8      | Got Jaqo's Compendium of the Hundredfold Suns
  7750 | D:8      | Reached skill level 3 in Invocations
  8430 | D:6      | Killed Crazy Yiuf
  8517 | D:5      | Reached * piety under Nemelex Xobeh
  8524 | D:5      | Found Zethuam's Jewellery Shoppe.
  8688 | D:5      | Reached skill level 4 in Invocations
  8838 | D:9      | Received a gift from Nemelex Xobeh
  9244 | D:9      | Found a staircase to the Lair.
  9335 | D:9      | Reached skill level 10 in Fighting
  9335 | D:9      | Reached skill level 1 in Maces & Flails
  9335 | D:9      | Reached skill level 5 in Invocations
  9387 | D:9      | Reached XP level 11. HP: 47/90 MP: 14/14
  9690 | D:8      | Reached skill level 6 in Invocations
  9869 | D:10     | Entered Level 10 of the Dungeon
  9990 | D:9      | Reached skill level 7 in Invocations
 10155 | D:10     | Found a staircase to the Orcish Mines.
 10290 | D:10     | Reached ** piety under Nemelex Xobeh
 10422 | D:10     | Noticed a centaur warrior
 10434 | D:10     | Killed a centaur warrior
 10701 | D:10     | Found a runed translucent door.
 10705 | D:10     | Noticed a spriggan rider
 10705 | D:10     | Noticed qwertyui's ghost (novice MiFi)
 10708 | D:10     | Identified the +7 spear of the Dark Horse {vorpal, rPois
                  | rN+ Str-5}
 10834 | D:11     | Gained mutation: Your body sometimes deteriorates upon
                  | taking damage. [potion of mutation]
 10834 | D:11     | Gained mutation: You have a pair of small horns on your
                  | head. [potion of mutation]
 10835 | D:11     | Lost mutation: You have a pair of small horns on your head.
                  | [potion of mutation]
 10835 | D:11     | Lost mutation: Your body sometimes deteriorates upon taking
                  | damage. [potion of mutation]
 10835 | D:11     | Gained mutation: Your mind is acute. (Int +2) [potion of
                  | mutation]
 10943 | D:11     | Noticed a manticore
 10948 | D:11     | Killed a manticore
 10957 | D:11     | Reached skill level 8 in Invocations
 11099 | D:11     | Received a gift from Nemelex Xobeh
 11099 | D:11     | Identified the +0 kite shield of Untold Secrets {Contam
                  | rPois Int+7 Dex+4}
 11434 | D:11     | Noticed a two-headed ogre
 11435 | D:11     | Noticed a two-headed ogre
 11448 | D:11     | Killed a two-headed ogre
 11449 | D:11     | Reached XP level 12. HP: 92/98 MP: 18/18
 11476 | D:11     | Killed a two-headed ogre
 11566 | D:11     | Reached *** piety under Nemelex Xobeh
 11599 | D:11     | Reached skill level 9 in Invocations
 11875 | D:11     | Received a gift from Nemelex Xobeh
 11989 | Lair:1   | Entered Level 1 of the Lair of Beasts
 12013 | Lair:1   | Noticed Gastronok
 12035 | Lair:1   | Killed Gastronok
 12055 | Lair:1   | Noticed a four-headed hydra
 12056 | Lair:1   | Identified the +2 demon trident of Foolhardiness {drain,
                  | +Blink Str+4}
 12057 | Lair:1   | Noticed Nergalle
 12061 | Lair:1   | Killed a four-headed hydra
 12073 | Lair:1   | Killed Nergalle
 12074 | Lair:1   | Reached skill level 10 in Invocations
 12132 | Lair:1   | Found a dark tunnel.
 12171 | Volcano  | Entered a volcano
 12210 | Volcano  | Noticed a hell knight
 12227 | Volcano  | a hell knight changed into a snapping turtle
 12260 | Volcano  | HP: 1/100 [snapping turtle (21)]
 12374 | Volcano  | Lost mutation: Your mind is acute. (Int +2) [potion of
                  | mutation]
 12374 | Volcano  | Gained mutation: You are strong-willed. (Will+) [potion of
                  | mutation]
 12374 | Volcano  | Gained mutation: You are clumsy. (Dex -2) [potion of
                  | mutation]
 12374 | Volcano  | Gained mutation: You are frail. (-10% HP) [potion of
                  | mutation]
 12375 | Volcano  | Lost mutation: You are strong-willed. (Will+) [potion of
                  | mutation]
 12375 | Volcano  | Lost mutation: You are clumsy. (Dex -2) [potion of
                  | mutation]
 12375 | Volcano  | Gained mutation: You are strong-willed. (Will+) [potion of
                  | mutation]
 12376 | Volcano  | Lost mutation: You are strong-willed. (Will+) [potion of
                  | mutation]
 12376 | Volcano  | Lost mutation: You are frail. (-10% HP) [potion of
                  | mutation]
 12376 | Volcano  | Gained mutation: You have supernaturally acute eyesight.
                  | (SInv) [potion of mutation]
 12376 | Volcano  | Gained mutation: You have large cloven feet. [potion of
                  | mutation]
 12403 | Volcano  | Noticed a centaur warrior
 12513 | Volcano  | Killed a centaur warrior
 12849 | Lair:1   | Found a shimmering blue altar of Sif Muna.
 12902 | Lair:1   | Reached skill level 11 in Invocations
 12904 | Lair:1   | Reached XP level 13. HP: 55/107 MP: 21/21
 13290 | Lair:1   | Received a gift from Nemelex Xobeh
 13597 | Lair:2   | Noticed a seven-headed hydra
 13606 | Lair:2   | Killed a two-headed hydra
 13780 | Lair:2   | Reached **** piety under Nemelex Xobeh
 13871 | Lair:2   | Found a staircase to the Swamp.
 13909 | Lair:2   | Found a runed translucent gate.
 13909 | Lair:2   | Found a runed translucent gate.
 13910 | Lair:2   | Found a runed translucent gate.
 13913 | Lair:2   | Noticed Focucera's ghost (journeyman DsWz)
 13913 | Lair:2   | Noticed Reubyar's ghost (journeyman MiBe)
 13913 | Lair:2   | Noticed Xerghaum's ghost (journeyman GnFi)
 14498 | Lair:3   | Reached skill level 12 in Invocations
 14653 | Lair:3   | Noticed a catoblepas
 14672 | Lair:3   | Killed a catoblepas
 14715 | Lair:3   | Received a gift from Nemelex Xobeh
 14722 | Lair:3   | Found a staircase to the Snake Pit.
 14874 | Lair:3   | Noticed a four-headed hydra
 14881 | Lair:3   | Killed a one-headed hydra
 15263 | Lair:4   | Received a gift from Nemelex Xobeh
 15296 | Lair:4   | Reached ***** piety under Nemelex Xobeh
 15510 | Lair:4   | Identified a scroll of acquirement
 15510 | Lair:4   | Acquired 955 gold pieces
 15943 | Lair:4   | Reached skill level 13 in Invocations
 15954 | Lair:4   | Found a corrupted altar of Lugonu.
 15959 | Lair:4   | Received a gift from Nemelex Xobeh
 15961 | Lair:4   | Found a one-way gate to the infinite horrors of the Abyss.
 16254 | Lair:4   | Noticed a boulder beetle
 16263 | Lair:4   | Killed a boulder beetle
 16264 | Lair:4   | Reached XP level 14. HP: 98/116 MP: 23/23
 16852 | Lair:5   | Received a gift from Nemelex Xobeh
 17017 | Lair:5   | Received a gift from Nemelex Xobeh
 17619 | Lair:6   | Entered Level 6 of the Lair of Beasts
 17646 | Lair:6   | Identified the +6 morningstar "Wunyam" {spect, Str+4}
 17781 | Lair:6   | Received a gift from Nemelex Xobeh
 17887 | Lair:5   | Reached skill level 10 in Axes
 17954 | Lair:6   | Reached skill level 14 in Invocations
 18222 | Lair:6   | Found a staircase to the Slime Pits.
 18224 | Lair:6   | Received a gift from Nemelex Xobeh
 18814 | Lair:6   | Reached XP level 15. HP: 74/124 MP: 26/26
 18900 | Lair:6   | Reached skill level 15 in Invocations
 18953 | Lair:6   | Found a large runed translucent door.
 18955 | Lair:6   | Found a large runed translucent door.
 19447 | Orc:1    | Entered Level 1 of the Orcish Mines
 19462 | D:10     | Paralysed by an orc sorcerer for 2 turns
 19864 | D:5      | Bought the amulet of Descent {rC+ Regen+ Int+3} for 603
                  | gold pieces
 20061 | Orc:2    | Entered Level 2 of the Orcish Mines
 20330 | Orc:2    | Received a gift from Nemelex Xobeh
 20359 | Orc:2    | Found Kaciofah's Antique Weapon Boutique.
 20539 | Orc:2    | Found Yffuxas's General Store.
 20545 | Orc:2    | Found a staircase to the Elven Halls.
 20548 | Orc:2    | Bought a potion of haste for 140 gold pieces
 20683 | Orc:2    | Noticed an orc warlord
 20694 | Orc:2    | Killed an orc warlord
 20700 | Orc:2    | Paralysed by an orc sorcerer for 5 turns
 20850 | Orc:2    | Found Boeckor's Antique Weapon Shoppe.
 20878 | Orc:2    | Found Leojuid's Antique Armour Emporium.
 20893 | Orc:2    | Bought a faintly glowing cloak for 323 gold pieces
 20893 | Orc:2    | Identified the +1 cloak of the Cobbler {Contam Int+2
                  | Stlth+} (You bought it in a shop on level 2 of the Orcish
                  | Mines)
 20966 | Orc:2    | Found Roffi's Magic Scroll Emporium.
 20971 | Orc:2    | Bought a scroll of teleportation for 36 gold pieces
 20971 | Orc:2    | Bought a scroll of enchant weapon for 90 gold pieces
 20971 | Orc:2    | Bought a scroll of enchant armour for 90 gold pieces
 20971 | Orc:2    | Bought a scroll of teleportation for 36 gold pieces
 21261 | Orc:1    | Received a gift from Nemelex Xobeh
 21872 | D:12     | Received a gift from Nemelex Xobeh
 22134 | D:12     | Reached skill level 16 in Invocations
 22151 | D:12     | Identified the +1 flail of Extinguishment {drain, rF+ rC+
                  | Dex+5}
 22204 | D:12     | Noticed Jorgrun
 22205 | D:12     | Reached XP level 16. HP: 132/132 MP: 28/28
 22242 | D:12     | Killed Jorgrun
 22338 | D:12     | Acquired a +3 broad axe of electrocution
 22833 | D:13     | Reached ****** piety under Nemelex Xobeh
 23303 | D:14     | Noticed Nessos
 23303 | D:14     | Noticed Urug
 23303 | D:14     | Found a gate to the Vaults.
 23313 | D:14     | Killed Urug
 23314 | D:14     | Reached skill level 10 in Armour
 23317 | D:13     | Killed Nessos
 23334 | D:14     | Reached XP level 17. HP: 118/139 MP: 29/29
 23416 | D:14     | Received a gift from Nemelex Xobeh
 23741 | D:14     | Cast into level 2 of the Abyss (a wizard)
 23745 | Abyss:2  | Noticed a tentacled starspawn
 23949 | Abyss:2  | Noticed a tentacled starspawn
 24095 | Abyss:2  | HP: 6/140 [will-o-the-wisp/foxfire (24)]
 24096 | Abyss:2  | Killed from afar by a will-o-the-wisp

Illustrated notes

Levels and vault maps discovered:
D:1:      lightli_arrival_quake, layout_rooms,
          dreamdust_ecumenical_altar_statues, minmay_small_reverse_x
D:2:      minmay_alternating_diamond, layout_basic, kennysheep_nondescript
D:3:      layout_loops_ring, hangedman_decor_riveting,
          chequers_serial_rivers_small_a, minmay_circle_x
D:4:      layout_basic
D:5:      layout_cave_pools, minmay_temple_entry_statues, serial_shops,
          kennysheep_mini_moat, nicolae_shop_behind_doors, shop,
          nicolae_shop_trees, shop, kennysheep_diamond, minmay_misc_feat_tiny,
          minivault_11
D:6:      layout_layer_cave, serial_shops, nicolae_take_the_stairs, minivault_4,
          uniq_crazy_yiuf_cottage
D:7:      layout_loops_ring, nemelex_xobeh_ov_fountains_minmay, serial_shops,
          nicolae_shop_competitors_out_of_business, nrook_uturn, minivault_14,
          uniq_joseph
D:8:      layout_loops_corners
D:9:      minmay_s_stair_smasher, layout_irregular_city,
          grunt_lair_entry_orc_guard_hut, kennysheep_decorative_pillar,
          chequers_serial_rivers_micro_b
D:10:     layout_rooms, david_orc_3, ebering_ghost_funeral_grove,
          kennysheep_big_empty_room, minmay_misc_feat_tower, minmay_statues_item
D:11:     layout_stronghold, serial_undead, serial_undead_c, serial_undead_f,
          serial_undead_d, serial_undead_b, serial_undead_a, serial_undead_c,
          serial_undead_f, serial_undead_d, st_stairs_4
D:12:     layout_roguey, hangedman_cracks_in_the_wall, uniq_jorgrun
D:13:     layout_roguey
D:14:     layout_rooms, david_vaults_3, grunt_decor_arrowhead,
          minmay_hidden_floor
Temple:   mainiacjoe_temple_archimedes_tessellation
Lair:1:   layout_cave_pods, enter_volcano_3, basic_altar,
          infiniplex_staircase_pool_2, uniq_gastronok, uniq_nergalle
Lair:2:   layout_big_grid, swamp_mist, gammafunk_ghost_cemetery
Lair:3:   beast_lair_carwin_large_3, layout_cave_shapes,
          guppyfry_snake_entry_garden
Lair:4:   layout_long_grid, amcnicky_altar_lugonu_corruption
Lair:5:   layout_cellular_growth, gammafunk_lair_bear_cave, lemuel_fruit_tree,
          grunt_megastairs_3, serial_bayou_shore_a, uniq_urug
Lair:6:   cheibrodos_lair_end_hotspot, layout_long_grid,
          minmay_slime_entry_oklob_open
Orc:1:    layout_caves
Orc:2:    grunt_orc_community_town_hall, layout_caves,
          grunt_orc_community_big_house_2, grunt_orc_community_big_house_2,
          grunt_orc_community_house_3, grunt_orc_community_house_3,
          grunt_orc_community_house_3, grunt_orc_community_house_1,
          grunt_orc_community_house_3, serial_shops, nicolae_shop_stone
Abyss:2:  base: D:2, hangedman_cross_veins, hangedman_abyss_overflow_altar,
          due_exit_kobolds

Skill      XL: |  1  2  3  4  5  6  7  8  9 10 11 12 13 14 15 16 17 |
---------------+----------------------------------------------------+-----
Fighting       | 1 2 3 5 7 9 10 11 12 13 14 | 14.4
Axes           | 1 2 3 5 6 8 9 10 12 13 | 13.0
Shields        | 1 3 4 6 7 8 9 |  9.0
Evocations     | 3 4 |  4.0
Invocations    | 5 8 11 13 14 16 | 16.8
Maces & Flails | 1 4 |  4.2
Armour         | 7 8 9 10 | 10.2
Dodging        | |  1.0
Spellcasting   | |  1.0
Summonings     | |  3.0

Action                   |  1- 3 |  4- 6 |  7- 9 | 10-12 | 13-15 | 16-18 || total
-------------------------+-------+-------+-------+-------+-------+-------++-------
Melee: Club              |    75 |       |       |       |       |       ||    75
       Hand axe          |    49 |   171 |   541 |   245 |       |       ||  1006
       Punch             |     2 |       |       |       |       |       ||     2
       Flail             |       |       |       |   313 |       |       ||   313
       Spear             |       |       |       |    45 |       |       ||    45
       War axe           |       |       |       |   155 |       |       ||   155
       Broad axe         |       |       |       |    66 |   824 |   234 ||  1124
       Kick              |       |       |       |    31 |   333 |    97 ||   461
Invok: Draw Destruction  |       |       |       |    11 |    12 |     5 ||    28
       Draw Summoning    |       |       |       |     5 |     5 |     4 ||    14
       Draw Escape       |       |       |       |     3 |       |       ||     3
       Triple Draw       |       |       |       |     1 |       |       ||     1
       Stack Five        |       |       |       |       |     2 |       ||     2
       Draw Stack        |       |       |       |       |     5 |     2 ||     7
Evoke: Wand              |       |     4 |    10 |    25 |     6 |       ||    45
  Use: Scroll            |       |     8 |     3 |     5 |     8 |     4 ||    28
       Potion            |       |     3 |    11 |    10 |     1 |     2 ||    27
 Stab: Distracted        |       |       |       |       |     1 |       ||     1
       Petrified         |       |       |       |       |     1 |       ||     1
Armor: Scale mail        |    54 |       |       |     9 |    40 |       ||   103
       Crystal plate arm |    55 |   155 |   508 |   767 |   455 |   168 ||  2108
       Skin              |       |    38 |       |       |       |       ||    38
Dodge: Dodged            |    53 |     7 |    44 |   234 |   260 |    89 ||   687
Block: Buckler           |       |    24 |   151 |   148 |       |       ||   323
       Kite shield       |       |       |       |   340 |   491 |   164 ||   995

Table legend: (Time is in decaauts)
 A = Elapsed time spent in this place.
 B = Non-inter-level travel time spent in this place.
 C = Inter-level travel time spent in this place.
 D = Time resting spent in this place.
 E = Time spent auto-exploring this place.
 F = Levels seen in this place.
 G = Mean time per level.
                   A        B        C        D        E       F      G
               +--------+--------+--------+--------+--------+-----+--------+
         Total |  24652 |  23011 |   1641 |   1447 |  14487 |  25 |  986.1 |
       Dungeon |  14834 |  13607 |   1227 |    403 |   8926 |  14 | 1059.6 |
        Temple |    245 |    223 |     22 |      0 |    204 |   1 |  245.0 |
          Lair |   7128 |   6821 |    307 |    678 |   4309 |   6 | 1188.0 |
  Orcish Mines |   1602 |   1517 |     85 |    179 |    939 |   2 |  801.0 |
         Abyss |    359 |    359 |      0 |     71 |      0 |   1 |  359.0 |
       Volcano |    482 |    482 |      0 |    116 |    109 |   1 |  482.0 |
               +--------+--------+--------+--------+--------+-----+--------+

Top non-repeatable levels by time:
     D:6: 1678 daAuts
  Lair:6: 1586 daAuts
  Lair:4: 1348 daAuts
     D:7: 1333 daAuts
     D:9: 1269 daAuts
  Lair:3: 1228 daAuts
    D:11: 1188 daAuts
  Lair:1: 1157 daAuts
   Orc:2: 1090 daAuts
     D:5: 1090 daAuts
     D:1: 1072 daAuts
     D:8: 1058 daAuts
  Lair:5: 1054 daAuts
    D:12: 1020 daAuts
    D:10: 1018 daAuts
